 Dungeon Crawl Stone Soup version 0.29-a0-43-g62a80824bf (webtiles) character file.

Game seed: 5046381312138038062

396 senseless the Scratcher (level 6, -4/28 HPs)
             Began as a Felid Fighter on Feb 2, 2022.
             Slain by an ogre (29 damage)
             ... on level 4 of the Dungeon.
             The game lasted 00:07:26 (4742 turns).

senseless the Scratcher (Felid Fighter)             Turns: 4742, Time: 00:07:27

Health: -4/28      AC:  2    Str: 12    XL:     6   Next: 52%
Magic:  7/7        EV: 20    Int: 10    God:
Gold:   81         SH:  0    Dex: 17    Spells: 5/5 levels left
                                        Lives:  0   Deaths: 1

rFire   . . .      SeeInvis +     - Unarmed
rCold   . . .      Faith    .   (shield unavailable)
rNeg    . . .      Spirit   .   (armour unavailable)
rPois   .          Reflect  .   (helmet unavailable)
rElec   .          Harm     .   (cloak unavailable)
rCorr   .          Rampage  .   (gloves unavailable)
Will    .....                   (boots unavailable)
Stlth   +++.......              (no amulet)
HPRegen 0.09/turn               i - ring of flight
MPRegen 0.10/turn               (no ring)

@: flying, quick
A: very small, claws 1, fangs 3, see invisible, speed 1, shaggy fur 2, stealthy
paws, no weapons or thrown items, no armour, multi-lived
a: no special abilities


You were on level 4 of the Dungeon.
You visited 1 branch of the dungeon, and saw 4 of its levels.

You collected 81 gold pieces.

Inventory:

Jewellery
 i - a ring of flight (left paw)
Wands
 a - a wand of paralysis (9)
Scrolls
 b - a scroll of fear {unknown}
 e - 2 scrolls of identify {unknown}
 g - 2 scrolls of fog {unknown}
 h - a scroll of teleportation {unknown}
 j - 2 scrolls of magic mapping {unknown}
 k - a scroll of amnesia {unknown}
Potions
 c - a potion of resistance {unknown}
 d - a potion of heal wounds {unknown}
 f - a potion of brilliance {unknown}
 l - a potion of might


   Skills:
 + Level 3.7 Fighting
 + Level 5.5 Dodging
 + Level 4.1 Stealth
 + Level 6.4 Unarmed Combat


You had 5 spell levels left.
You didn't know any spells.
Your spell library contained the following spells:

 Spells                   Type           Power      Damage    Failure   Level
 Magic Dart               Conj           0%         1d3       36%         1
 Call Imp                 Summ           0%         N/A       50%         2
 Mephitic Cloud           Conj/Pois/Air  0%         N/A       75%         3


Dungeon Overview and Level Annotations

Branches:
Dungeon (4/15)
 Temple: D:4-7

Altars:

Shops:
D:1 (


Innate Abilities, Weirdness & Mutations

You have sharp claws.
You have razor-sharp teeth.
You have supernaturally acute eyesight. (SInv)
You cover ground quickly. (Speed+)
You are covered in thick fur. (AC +2)
Your paws help you pounce on unaware monsters.
You are incapable of wielding weapons or throwing items.
You cannot wear armour.
You gain extra lives every three experience levels.


Message History

You claw the adder! You bite the adder.
You kill the adder!
No target in view!
You see here an adder corpse.
j - 2 scrolls labelled EHIAQI MATAKI (gained 1)
You now have 81 gold pieces (gained 3).
Items here: ( )) รทรท.
Things that are here:
a +0 shortbow; 26 arrows; a centaur skeleton You see here 18 stones.
Done exploring.
Done exploring.
Search for what [Enter for "."]? .
There is a stone staircase leading down here.
You fly downwards.
There is a stone staircase leading up here. 4 orcs and a scorpion come into view.
The orc shouts! x4
There is a stone staircase leading up here.
An ogre comes into view. It is wielding a +0 giant club.
You claw the orc!
You kill the orc!
You scratch the orc.
The orc is severely wounded.
The orc hits you with a +0 flail.
You claw the orc!
You kill the orc!
You scratch the orc but do no damage. The orc hits you with a +0 club.
You scratch the orc.
The orc is lightly wounded.
The orc misses you.
You scratch the orc.
The orc is almost dead.
The orc misses you.
You scratch the orc.
You kill the orc!
The orc completely misses you.
The ogre hits you with a +0 giant club!!
Ouch! That really hurt!
You die...

.........
###........
#........#
#........#
#........###
#...........
#...O....#
#..@o....#
#####.####
..# ....
..... .oo.##
.s.o# ....#


You could see an ogre and an orc.

Vanquished Creatures
  Grinder (D:3)
  A centaur (D:3)
  An orc priest (D:3)
  5 adders
  A worm (D:2)
  A dart slug (D:1)
  9 orcs
  5 ball pythons
  5 bats
  9 endoplasms
  8 goblins
  5 hobgoblins
  5 quokkas
  3 frilled lizards
  5 kobolds
  7 rats
71 creatures vanquished.

Notes
Turn   | Place    | Note
-------+----------+-------------------------------------------
     0 | D:1      | senseless the Felid Fighter began the quest for the Orb.
     0 | D:1      | Reached XP level 1. HP: 10/10 MP: 2/2
   521 | D:1      | Found Pubb's Weapon Shoppe.
   731 | D:1      | Reached XP level 2. HP: 13/14 MP: 3/3
  1589 | D:2      | Reached XP level 3. HP: 10/17 MP: 4/4
  2464 | D:2      | Reached skill level 1 in Stealth
  2464 | D:2      | Reached skill level 5 in Unarmed Combat
  2464 | D:2      | Reached XP level 4. HP: 20/21 MP: 5/5
  2886 | D:3      | Noticed a centaur
  2896 | D:3      | Slain by a centaur
  2897 | D:3      | Reached XP level 3. HP: 0/17 MP: 4/4
  3667 | D:3      | Noticed Grinder
  3668 | D:3      | Paralysed by Grinder for 2 turns
  3676 | D:3      | Killed Grinder
  3677 | D:3      | Reached skill level 5 in Dodging
  3677 | D:3      | Reached skill level 6 in Unarmed Combat
  3677 | D:3      | Reached XP level 4. HP: 9/21 MP: 5/5
  3677 | D:3      | Reached XP level 5. HP: 11/24 MP: 6/6
  4040 | D:3      | Gained mutation: You are covered in thick fur. (AC +2)
                  | [Felid growth]
  4040 | D:3      | Reached XP level 6. HP: 19/28 MP: 7/7
  4742 | D:4      | Slain by an ogre

Illustrated notes

Levels and vault maps discovered:
D:1:      dpeg_arrival_three_same_balls, layout_basic, serial_shops,
          shop_statue, minmay_misc_feat_ornament
D:2:      layout_basic
D:3:      minmay_inner_zag, layout_basic, uniq_grinder
D:4:      layout_basic

Skill      XL: |  1  2  3  4  5  6 |
---------------+-------------------+-----
Stealth        | 3 4 |  4.1
Unarmed Combat | 6 |  6.4
Dodging        | 5 |  5.5
Fighting       | |  3.7

Action                   |  1- 3 |  4- 6 || total
-------------------------+-------+-------++-------
Melee: Unarmed           |   121 |    68 ||   189
       Bite              |    11 |     3 ||    14
       Punch             |     2 |     2 ||     4
  Use: Potion            |     1 |       ||     1
 Stab: Sleeping          |     3 |     4 ||     7
Armor: Skin              |     2 |     6 ||     8
Dodge: Dodged            |    76 |    53 ||   129

Table legend: (Time is in decaauts)
 A = Elapsed time spent in this place.
 B = Non-inter-level travel time spent in this place.
 C = Inter-level travel time spent in this place.
 D = Time resting spent in this place.
 E = Time spent auto-exploring this place.
 F = Levels seen in this place.
 G = Mean time per level.
                   A        B        C        D        E       F      G
               +--------+--------+--------+--------+--------+-----+--------+
         Total |   4344 |   4276 |     68 |    301 |   3454 |   4 | 1086.0 |
       Dungeon |   4344 |   4276 |     68 |    301 |   3454 |   4 | 1086.0 |
               +--------+--------+--------+--------+--------+-----+--------+

Top non-repeatable levels by time:
     D:3: 1737 daAuts
     D:1: 1438 daAuts
     D:2: 1156 daAuts
     D:4: 12 daAuts
